 Dungeon Crawl Stone Soup version 0.29.1-14-g9c671dbff4 (webtiles) character file.

Game seed: 17870397902611950917

3975 Peloso the Carver (level 10, -5/88 HPs)
             Began as a Minotaur Fighter on Feb 15, 2023.
             Was a Follower of Okawaru.
             Slain by a spark wasp (shapeshifter) (15 damage)
             ... on level 8 of the Dungeon.
             The game lasted 00:13:42 (8840 turns).

Peloso the Carver (Minotaur Fighter)                Turns: 8840, Time: 00:13:44

Health: -5/88      AC: 18    Str: 21 (23) XL:     10   Next: 2%
Magic:  1/9        EV:  7    Int:  1 (5)  God:    Okawaru [*.....]
Gold:   252        SH: 10    Dex: 10 (12) Spells: 9/9 levels left

rFire   . . .      SeeInvis .   a - +1 long sword
rCold   . . .      Faith    .   d - +0 buckler
rNeg    . . .      Spirit   .   h - +0 plate armour
rPois   .          Reflect  +   (helmet restricted)
rElec   .          Harm     .   x - +1 cloak
rCorr   .          Rampage  .   (no gloves)
Will    .....                   e - +0 pair of boots
Stlth   ..........              q - amulet of reflection
HPRegen 0.24/turn               (no ring)
MPRegen 0.11/turn               (no ring)

@: lethally poisoned (-5 -> -9)
A: horns 2, retaliatory headbutt
a: Renounce Religion, Heroism


You were on level 8 of the Dungeon.
You worshipped Okawaru.
Okawaru was aware of your devotion.
You visited 2 branches of the dungeon, and saw 9 of its levels.

You collected 332 gold pieces.
You spent 80 gold pieces at shops.

Inventory:

Hand Weapons
 a - a +1 long sword (weapon)
Armour
 b - a +0 scale mail
 c - a +0 chain mail
 d - a +0 buckler (worn)
 e - a +0 pair of boots (worn)
 h - a +0 plate armour (worn)
 x - a +1 cloak (worn)
Jewellery
 q - an amulet of reflection (around neck)
 y - a ring of see invisible
 z - an amulet of guardian spirit
 D - an amulet of faith
Scrolls
 g - a scroll of enchant weapon
 j - 2 scrolls of amnesia
 n - 2 scrolls of butterflies
 u - 2 scrolls of poison
 w - a scroll of brand weapon
 B - a scroll of noise
Potions
 f - a potion of flight
 i - a potion of degeneration
 k - 2 potions of curing
 l - 2 potions of might
 m - 2 potions of brilliance
 s - a potion of resistance
 t - a potion of mutation
 v - 4 potions of haste


   Skills:
 + Level 8.2 Fighting
 + Level 11.3 Long Blades
 + Level 9.3 Armour
 + Level 2.3 Dodging
 + Level 0.4 Stealth
 + Level 7.3 Shields


You had 9 spell levels left.
You didn't know any spells.
Your spell library contained the following spells:

 Spells                   Type           Power      Damage    Failure   Level
 Apportation              Tloc           0%         N/A       100%        1
 Sting                    Tmut/Pois      0%         1d3       100%        1
 Poisonous Vapours        Pois/Air       0%         N/A       100%        2
 Hailstorm                Conj/Ice       0%         3d3       100%        4
 Ice Form                 Ice/Tmut       0%         N/A       100%        4
 Olgreb's Toxic Radiance  Pois           0%         N/A       100%        4
 Alistair's Intoxication  Tmut/Pois      0%         N/A       100%        5
 Simulacrum               Ice/Necr       Unusable   N/A       N/A         6

Dungeon Overview and Level Annotations

Branches:
Dungeon (8/15)             Temple (1/1) D:6
   Lair: D:8-11

Altars:
Ashenzari
Cheibriados
Dithmenos
Elyvilon
Fedhas
Gozag
Hepliaklqana
Makhleb
Nemelex Xobeh
Okawaru
Ru
Sif Muna
Trog
Uskayaw
Vehumet
Wu Jian
Xom
Yredelemnul
Zin
The Shining One

Shops:
D:5 ![[


Innate Abilities, Weirdness & Mutations

You have a pair of horns on your head.
You reflexively headbutt those who attack you in melee.


Message History

The living lightning hits you.
* * * LOW HITPOINT WARNING * * *
The spark wasp blinks! x2
The gnoll enters a dispersal trap!
The spark wasp blinks!
You blink.
The gnoll blinks!
It was a potion of degeneration.
There was something very wrong with that liquid.
You feel weakened.
You feel dopey.
You feel clumsy.
The centaur warrior shouts!
The centaur warrior unwields a +0 rapier.
The centaur warrior wields a +0 shortbow.
The centaur warrior shoots an arrow.
You reflect the arrow off an invisible shield around you!
The arrow hits the centaur warrior!!
It was a potion of heal wounds.
You feel much better.
Blink to where?
Press: ? - help, Dir - move target
As you read the scroll of blinking, it crumbles to dust.
You block the spark wasp's attack.
The kobold brigand throws a poisoned dart.
The poisoned dart hits you!
You are poisoned.
The kobold throws a stone.
You reflect the stone off an invisible shield around you!
The stone hits the kobold.
You block the spark wasp's attack.
Really walk into that dispersal trap?
Okay, then.
Really walk into that dispersal trap?
You enter a dispersal trap!
The kobold brigand blinks!
The spark wasp blinks!
The gnoll blinks!
The centaur warrior blinks!
You blink.
You feel sick.
The centaur warrior shoots an arrow.
The arrow barely misses you.
Unknown command.
You feel sick.
The centaur warrior shoots an arrow.
The arrow hits you.
* * * LOW HITPOINT WARNING * * *
The kobold brigand throws a poisoned dart.
The poisoned dart completely misses you.
The spark wasp stings you!
* * * LOW HITPOINT WARNING * * *
The spark wasp shocks you!
You die...

#.##.....### .
#K#...K..# .
#...##§########
#.
#§.....§.......
H.
#######'########
#. #........# ##
#....g...#
#........#
#....@y..#
#.....c..#
#§.......#
##'####### #.#
#.# .# .# '#


You could see a spark wasp, a centaur warrior, a kobold brigand and a gnoll.

Vanquished Creatures
  Pikel (D:4)
  A meliai (D:8)
  Prince Ribbit (D:5)
  4 yaks (D:7)
  A wraith (D:6)
  Menkaure (D:4)
  2 sky beasts
  3 centaurs
  3 ogres
  A phantom (D:7)
  A kobold brigand (D:5)
  2 bullfrogs
  2 necrophages (D:6)
  2 scorpions
  A gnoll sergeant (D:8)
  3 wights (D:7)
  An electric eel (D:7)
  6 hounds
  3 orc priests (D:6)
  A gnoll bouda (D:6)
  3 iguanas
  Natasha (thrice) (D:4)
  2 orc wizards
  13 gnolls
  9 adders
  A shadow imp (D:7)
  3 white imps
  2 ufetubi
  3 worms
  3 dart slugs
  20 orcs
  7 bats
  2 endoplasms
  A giant cockroach (D:1)
  5 hobgoblins
  3 jackals (D:1)
  3 quokkas
  7 ball pythons
  5 frilled lizards
  4 goblins
  8 kobolds
  6 rats
153 creatures vanquished.

Notes
Turn   | Place    | Note
-------+----------+-------------------------------------------
     0 | D:1      | Peloso the Minotaur Fighter began the quest for the Orb.
     0 | D:1      | Reached XP level 1. HP: 19/19 MP: 0/0
   429 | D:1      | Reached XP level 2. HP: 27/27 MP: 1/1
   483 | D:1      | You fall into a shaft and drop 1 floor!
   692 | D:2      | Found a faded altar of an unknown god.
   693 | D:2      | Noticed a shining eye
   695 | D:2      | Reached XP level 3. HP: 19/33 MP: 2/2
   696 | D:2      | Noticed a great orb of eyes
   696 | D:2      | Noticed a floating eye
   696 | D:2      | Noticed a floating eye
   718 | D:2      | Reached skill level 1 in Dodging
  1193 | D:2      | Reached skill level 3 in Long Blades
  1991 | D:3      | Reached XP level 4. HP: 40/40 MP: 3/3
  2822 | D:4      | Noticed Natasha
  2828 | D:4      | Killed Natasha
  2829 | D:4      | Reached skill level 5 in Armour
  2958 | D:4      | Noticed an ogre
  2965 | D:5      | Entered Level 5 of the Dungeon
  2979 | D:5      | Reached XP level 5. HP: 46/46 MP: 4/4
  3180 | D:5      | Noticed Prince Ribbit
  3190 | D:5      | Killed Prince Ribbit
  3191 | D:5      | Reached skill level 5 in Fighting
  3191 | D:5      | Reached skill level 4 in Long Blades
  3191 | D:5      | Reached XP level 6. HP: 22/56 MP: 5/5
  3384 | D:5      | Found Xadyt's Armour Shoppe.
  3386 | D:5      | Found Ziwue's Distillery.
  3391 | D:5      | Found Lis Ihia's Armour Shoppe.
  3397 | D:5      | Bought a potion of mutation for 80 gold pieces
  3541 | D:5      | Reached skill level 5 in Long Blades
  3541 | D:5      | Reached skill level 5 in Shields
  3577 | D:5      | Found a burning altar of Makhleb.
  3692 | D:5      | Reached XP level 7. HP: 55/61 MP: 6/6
  4143 | D:5      | Reached skill level 6 in Long Blades
  4321 | D:5      | Reached skill level 7 in Long Blades
  4459 | D:6      | Found a staircase to the Ecumenical Temple.
  4468 | Temple   | Entered the Ecumenical Temple
  4747 | D:6      | Found a shadowy altar of Dithmenos.
  5047 | D:6      | Reached XP level 8. HP: 65/70 MP: 7/7
  5701 | D:4      | Reached skill level 8 in Long Blades
  6021 | D:4      | Noticed Pikel
  6037 | D:4      | Killed Pikel
  6038 | D:4      | Reached skill level 9 in Long Blades
  6038 | D:4      | Reached XP level 9. HP: 31/79 MP: 8/8
  6265 | D:4      | Noticed Menkaure
  6273 | D:4      | HP: 3/79 [Menkaure (13)]
  6274 | D:4      | Killed Menkaure
  6473 | D:4      | Noticed Natasha
  6479 | D:4      | Killed Natasha
  6651 | D:4      | Found a glowing golden altar of the Shining One.
  6663 | D:4      | Found an iron altar of Okawaru.
  6668 | D:4      | Became a worshipper of Warmaster Okawaru
  6869 | D:4      | Noticed Natasha
  6877 | D:4      | Killed Natasha
  7313 | D:7      | Found a shimmering blue altar of Sif Muna.
  7471 | D:7      | Found a hazy altar of Hepliaklqana.
  7567 | D:7      | Reached skill level 10 in Long Blades
  7575 | D:7      | Reached * piety under Okawaru
  7741 | D:7      | Found a snail-covered altar of Cheibriados.
  8171 | D:7      | Reached skill level 11 in Long Blades
  8523 | D:8      | Noticed a meliai
  8536 | D:8      | Noticed a centaur warrior
  8541 | D:8      | Killed a meliai
  8542 | D:8      | Reached XP level 10. HP: 6/88 MP: 7/9
  8544 | D:8      | HP: 4/88 [wyvern (13)]
  8756 | D:8      | Noticed a minotaur
  8790 | D:8      | Noticed a death yak
  8834 | D:8      | Noticed a spark wasp
  8834 | D:8      | HP: 1/88 [spark wasp (shapeshifter)/living lightning (6)]
  8840 | D:8      | Slain by a spark wasp (shapeshifter)

Illustrated notes

Levels and vault maps discovered:
D:1:      co_arrival_square_in_a_square_in_a_square, layout_basic,
          amcnicky_mini_rare_corridor_liquid
D:2:      layout_loops_ring, hellmonk_ecumenical_altar_watching_god
D:3:      layout_basic
D:4:      layout_basic, okawaru_ov_weapons_minmay, tso_oasis_becter,
          bh_walls_and_bars, uniq_menkaure, uniq_natasha, uniq_pikel
D:5:      layout_loops_ring, mainiacjoe_overflow_brackets,
          nicolae_wooded_promenade, uniq_prince_ribbit1
D:6:      minmay_diamond_boxcup, layout_basic, nicolae_dithmenos_shadow_blocks,
          minmay_temple_entry_butterflies
D:7:      layout_gridville, nicolae_overflow_squiral,
          mainiacjoe_overflow_catwalk, minmay_holes, chequers_decorated_corner
D:8:      minmay_the_grid_triangle_9x9_recursive_2
          [minmay_the_grid_triangle_9x9_prize_insulated,
          minmay_the_grid_triangle_9x9_sprig,
          minmay_the_grid_triangle_9x9_zippers_horizontal,
          minmay_the_grid_triangle_9x9_wacky_v], layout_basic, minmay_crossroads
Temple:   dshaligram_water_room_temple

Skill      XL: |  1  2  3  4  5  6  7  8  9 |
---------------+----------------------------+-----
Armour         | 4 5 6 7 9 |  9.3
Shields        | 4 5 6 7 |  7.3
Fighting       | 4 5 7 8 |  8.2
Dodging        | 1 2 |  2.3
Long Blades    | 3 4 5 7 9 11 | 11.3
Stealth        | |  0.4

Action                   |  1- 3 |  4- 6 |  7- 9 | 10-12 || total
-------------------------+-------+-------+-------+-------++-------
Melee: Long sword        |   100 |    73 |   315 |    18 ||   506
       Headbutt          |     8 |    19 |    74 |     3 ||   104
Invok: Heroism           |       |       |     1 |       ||     1
  Use: Scroll            |     6 |     1 |     7 |     4 ||    18
       Potion            |       |       |     1 |     7 ||     8
Armor: Scale mail        |    51 |       |       |       ||    51
       Chain mail        |    13 |       |       |       ||    13
       Plate armour      |       |    39 |   143 |     9 ||   191
Dodge: Dodged            |    78 |    24 |    69 |    10 ||   181
Block: Buckler           |    32 |    41 |   124 |    21 ||   218
       Reflection        |       |     1 |     7 |     3 ||    11
